 Dungeon Crawl Stone Soup version 0.21.1-1-g345015fe64 (webtiles) character file.

2051 JOKERXD40 the Shield-Bearer (level 9, 0/75 HPs)
             Began as a Hill Orc Fighter on June 7, 2018.
             Was a Follower of Qazlal.
             Slain by a yak (9 damage)
             ... on level 8 of the Dungeon.
             The game lasted 00:30:53 (5148 turns).

JOKERXD40 the Shield-Bearer (Hill Orc Fighter)      Turns: 5148, Time: 00:30:54

Health: 0/75       AC: 11    Str: 20    XL:     9   Next: 25%
Magic:  16/19      EV:  7    Int:  9    God:    Qazlal [*.....]
Gold:   346        SH: 12    Dex: 11    Spells: 9/9 levels left

rFire    . . .     SeeInvis .   j - +1 spear (venom)
rCold    . . .     Gourm    .   c - +0 shield
rNeg     . . .     Faith    .   p - +0 chain mail
rPois    +         Spirit   .   g - +0 helmet
rElec    .         Reflect  .   (no cloak)
rCorr    .         Harm     .   (no gloves)
MR       .....                  (no boots)
Stlth    ..........             (no amulet)
HPRegen  0.22/turn              b - ring of magical power
MPRegen  0.16/turn              v - ring of poison resistance

@: no status effects
A: no striking features
a: Renounce Religion


You were on level 8 of the Dungeon.
You worshipped Qazlal.
Qazlal was aware of your devotion.
You were not hungry.

You visited 1 branch of the dungeon, and saw 8 of its levels.

You collected 346 gold pieces.

Inventory:

Hand Weapons
 a - a +0 long sword
 j - a +1 spear of venom (weapon)
 o - a +0 hunting sling
Missiles
 s - 5 javelins of returning (quivered)
Armour
 c - a +0 shield (worn)
 g - a +0 helmet (worn)
 p - a +0 chain mail (worn)
Jewellery
 b - a ring of magical power (left hand)
 v - a ring of poison resistance (right hand)
Scrolls
 e - a scroll of random uselessness {unknown}
 i - 3 scrolls of identify
 l - a scroll of enchant weapon {unknown}
 n - a scroll of enchant armour {unknown}
 r - a scroll of teleportation {unknown}
 u - a scroll of remove curse {unknown}
 w - a scroll of immolation {unknown}
Potions
 d - a potion of experience {unknown}
 h - 3 potions of curing
 m - a potion of haste {unknown}
 q - a potion of flight
 t - a potion of resistance {unknown}
Books
 k - a book of Callings

   Spells                             Type                      Level
   a - Summon Small Mammal            Summoning                    1
   b - Call Imp                       Summoning                    2
   c - Call Canine Familiar           Summoning                    3
   d - Summon Guardian Golem          Hexes/Summoning              3
   e - Summon Lightning Spire         Summoning/Air                4
   f - Summon Ice Beast               Ice/Summoning                4
Comestibles
 f - 4 rations


   Skills:
 + Level 5.6 Fighting
 + Level 3.4 Long Blades
 + Level 6.6 Polearms
 - Level 0.8 Throwing
 + Level 7.0 Armour
 + Level 2.3 Dodging
 - Level 0.3 Stealth
 + Level 7.3 Shields
 * Level 0.8 Spellcasting


You had 9 spell levels left.
You didn't know any spells.

Dungeon Overview and Level Annotations

Branches:
Dungeon (8/15)
 Temple: D:4-7         Lair: D:8-11

Altars:
Dithmenos
Qazlal
Uskayaw
Xom
Yredelemnul
Zin


Message History

The bullfrog swells and bulges.
You block the bullfrog's attack. You block the crimson imp's attack.
You block the yak's attack.
You hit the crimson imp but do no damage.
The crimson imp is poisoned.
The crimson imp is severely wounded.
You block the bullfrog's attack.
The crimson imp blinks!
The yak gores you but does no damage. The bullfrog barely misses you.
You block the bullfrog's attack. You block the yak's attack.
A shadow imp comes into view.
The shadow imp shouts!
You puncture the bullfrog!
The bullfrog looks as sick as possible!
The bullfrog is heavily wounded.
You block the bullfrog's attack. x2; The yak gores you!
* * * LOW HITPOINT WARNING * * *
You hit the bullfrog.
The bullfrog looks as sick as possible!
The bullfrog is heavily wounded.
You block the bullfrog's attack. The yak gores you!
You die...

##. #...# #...
...##...# #...
......... .... #
........## ..#.#
....)....# ..#.#
#....# #.#.#####
####....####........
....(....oYYF.......
####..#.####@#..####
........5...# ....
..##..#.####.# ####
# #..... ... ##....
... .#.# ##..# .#.#
#5.# #..#


You could see 2 yaks, a bullfrog, a crimson imp, a shadow imp and an orc.

Vanquished Creatures
  Prince Ribbit (D:6)
  The ghost of loran1212 the Chopper, an amateur HOFi of Wu Jian (D:6)
  3 yaks (D:8)
  A sky beast (D:6)
  2 centaurs
  2 big kobolds
  2 bullfrogs
  A scorpion (D:5)
  2 crimson imps
  A centaur zombie (D:5)
  A jelly (D:5)
  A bullfrog skeleton (D:5)
  2 hounds
  A centaur skeleton (D:4)
  Jessica (D:2)
  An orc wizard (D:4)
  6 worker ants
  A hound skeleton (D:6)
  A worker ant zombie (D:6)
  3 gnolls (D:3)
  8 adders
  A howler monkey skeleton (D:4)
  A shadow imp (D:3)
  An adder zombie (D:5)
  An adder skeleton (D:8)
  2 worms
  2 dart slugs
  4 leopard geckos
  15 orcs
  3 ball pythons
  8 bats
  A giant cockroach (D:1)
  2 gnoll zombies (D:3)
  5 hobgoblins
  11 jackals
  A quokka (D:6)
  A ball python zombie (D:5)
  3 frilled lizards
  9 goblins
  7 kobolds
  4 rats
124 creatures vanquished.

Notes
Turn   | Place    | Note
-------+----------+-------------------------------------------
     0 | D:1      | JOKERXD40 the Hill Orc Fighter began the quest for the Orb.
     0 | D:1      | Reached XP level 1. HP: 19/19 MP: 1/1
   324 | D:1      | Reached XP level 2. HP: 19/27 MP: 2/2
  1062 | D:2      | Found a shimmering altar of Xom.
  1063 | D:2      | Noticed an angel
  1067 | D:2      | Found a glowing silver altar of Zin.
  1131 | D:2      | Reached XP level 3. HP: 33/33 MP: 3/3
  1138 | D:2      | Noticed Jessica
  1154 | D:2      | Killed Jessica
  1154 | D:2      | Reached XP level 4. HP: 34/40 MP: 4/4
  1620 | D:3      | Reached XP level 5. HP: 46/46 MP: 5/5
  1775 | D:3      | Noticed a big kobold
  1802 | D:3      | Reached skill level 1 in Polearms
  1821 | D:3      | Killed a big kobold
  1821 | D:3      | Reached XP level 6. HP: 28/53 MP: 6/6
  1979 | D:3      | Found a stormy altar of Qazlal.
  2090 | D:3      | Found a basalt altar of Yredelemnul.
  2296 | D:3      | Became a worshipper of Qazlal Stormbringer
  2368 | D:4      | Found a hide-covered altar of Uskayaw.
  2371 | D:4      | Noticed a hand axe
  2371 | D:4      | Noticed a dagger
  2483 | D:4      | Reached XP level 7. HP: 55/60 MP: 7/7
  2662 | D:4      | Reached skill level 5 in Armour
  2677 | D:4      | Reached skill level 1 in Dodging
  2909 | D:5      | Entered Level 5 of the Dungeon
  2927 | D:5      | Reached skill level 5 in Fighting
  3252 | D:5      | Reached skill level 5 in Shields
  3374 | D:5      | Found a shadowy altar of Dithmenos.
  3493 | D:6      | Noticed Prince Ribbit
  3508 | D:6      | Killed Prince Ribbit
  3508 | D:6      | Reached * piety under Qazlal
  3508 | D:6      | Reached XP level 8. HP: 18/68 MP: 8/8
  3853 | D:6      | Reached skill level 5 in Polearms
  4224 | D:6      | Noticed loran1212's ghost (amateur HOFi)
  4264 | D:6      | Killed loran1212's ghost
  5088 | D:8      | Noticed a yak
  5092 | D:8      | Noticed a yak
  5094 | D:8      | Noticed a yak
  5097 | D:8      | Noticed a yak
  5100 | D:8      | Noticed a yak
  5102 | D:8      | Killed a yak
  5102 | D:8      | Reached XP level 9. HP: 74/74 MP: 9/9
  5132 | D:8      | Reached ** piety under Qazlal
  5148 | D:8      | Slain by a yak

Skill      XL: |  1  2  3  4  5  6  7  8  9 |
---------------+----------------------------+-----
Fighting       | 4 5 |  5.6
Long Blades    | 3 |  3.4
Armour         | 4 6 7 |  7.0
Polearms       | 1 3 4 6 |  6.6
Shields        | 4 5 7 |  7.3
Dodging        | 1 2 |  2.3
Throwing       | |  0.8
Stealth        | |  0.3
Spellcasting   | |  0.8

Action                   |  1- 3 |  4- 6 |  7- 9 || total
-------------------------+-------+-------+-------++-------
Melee: Long sword        |    54 |    18 |       ||    72
       Spear             |       |   166 |   316 ||   482
Throw: Javelin           |       |       |    14 ||    14
Invok: Upheaval          |       |       |     1 ||     1
  Use: Potion            |       |     2 |     1 ||     3
       Scroll            |       |     1 |     5 ||     6
  Eat: Chunk             |       |     5 |     3 ||     8
       Ration            |       |       |     2 ||     2
Armor: Scale mail        |    24 |    86 |    31 ||   141
       Chain mail        |       |       |    92 ||    92
Dodge: Dodged            |    22 |    71 |    93 ||   186
Block: Shield            |    31 |    96 |   192 ||   319
       Rpst.: Long sword |     9 |     5 |       ||    14
